Map: Acid Plant LE

Players

MaNa

  • Race: Protoss Protoss
  • Spawn Location: 11:00

Serral - Winner!

  • Race: Zerg Zerg
  • Spawn Location: 5:00

Event: WCS Austin 2018

VOD

Have the link to the VOD?

Description

Time

  • Played on: June 3, 2018, 6:50 p.m.
  • Length: 13:23

All games in this series

Show
View Real Time Build Order
Export as new Build Order

MaNa Protoss 

Build Orders: 1 Gate Expand, Oracle Opening, Phoenix Opening, Archon Immortal, Zealot Archon, Archon Drop 

Get SALT Encoding   

  12  0:00  Probe  
  13  0:12  Probe  
  14  0:20  Pylon  
  14  0:24  Probe  
  15  0:34  Probe  
  15  0:38  Assimilator  
  15  0:42  Probe  
  16  0:47  Gateway  
  17  0:51  Probe  
  18  0:59  Probe  
  19  1:07  Probe  
  20  1:23  Nexus  
  20  1:34  Cybernetics Core  
  20  1:36  Probe  
  21  1:42  Assimilator  
  21  1:48  Probe  
  21  1:52  Pylon  
  22  2:00  Probe  
  23  2:02  Adept  
  23  2:10  Stargate  
  23  2:14  Probe  
  26  2:18  Warp Gate  
  26  2:26  Probe  
  26  2:28  Adept  
  29  2:31  Probe  
  30  2:38  Probe  
  30  2:43  Probe  
  31  2:45  Pylon  
  31  2:50  Probe  
  33  2:54  Phoenix  
  33  2:55  Probe  
  36  3:02  Probe  
  36  3:04  Probe  
  37  3:09  Gateway  
  37  3:12  Probe  
  38  3:14  Probe  
  43  3:20  Oracle  
  43  3:26  Probe x2, Pylon  
  44  3:32  Assimilator  
  44  3:33  Assimilator  
  45  3:36  Probe  
  46  3:44  Robotics Facility, Probe  
  46  3:45  Probe  
  47  3:53  Probe  
  48  3:56  Probe  
  50  4:04  Probe, Twilight Council, Pylon  
  50  4:08  Probe  
  52  4:14  Pylon  
  52  4:16  Probe  
  53  4:20  Probe  
  53  4:22  Warp Prism  
  54  4:26  Gateway  
  54  4:28  Gateway  
  54  4:37  Zealot x2  
  60  4:45  Charge, Templar Archives  
  60  4:49  Pylon  
  60  5:00  Nexus  
  60  5:07  Gateway  
  60  5:11  Gateway  
  60  5:18  Probe x2  
  60  5:20  Shield Battery  
  62  5:22  High Templar  
  62  5:23  High Templar x3  
  62  5:26  Archon  
  62  5:27  Archon  
  70  5:29  Forge  
  70  5:30  Probe  
  70  5:31  Probe  
  72  5:38  Observer  
  72  5:42  Probe  
  74  5:43  Probe  
  75  5:53  Robotics Facility  
  75  5:54  Probe  
  75  5:55  Probe  
  77  6:02  Protoss Ground Weapons Level 1  
  77  6:06  Probe  
  77  6:07  Pylon  
  77  6:08  Pylon  
  77  6:09  Immortal  
  78  6:12  Probe  
  78  6:13  Probe  
  78  6:14  Sentry  
  87  6:18  Probe  
  87  6:24  Probe  
  87  6:25  Sentry x2, Probe  
  90  6:28  Immortal  
  90  6:30  Probe  
  94  6:35  Assimilator  
  94  6:36  Assimilator, Pylon, Probe  
  94  6:38  Probe  
  96  6:42  Probe  
  96  6:45  Zealot x3  
  107  6:47  Immortal  
  107  6:49  Pylon  
  107  6:50  Pylon  
  107  6:57  Shield Battery  
  107  7:01  Zealot x2  
  113  7:14  Zealot x4  
  107  7:21  Zealot  
  107  7:22  Zealot  
  95  7:29  Immortal  
  78  7:30  Zealot  
  78  7:31  Zealot  
  78  7:34  Immortal  
  84  7:37  Sentry x3  
  84  7:38  Zealot  
  88  7:51  Zealot x2  
  84  8:02  Zealot x2  
  84  8:04  Sentry x2  
  84  8:08  Immortal  
  86  8:17  Probe x2  
  86  8:18  Pylon  
  88  8:20  Cybernetics Core  
  88  8:21  Pylon  
  88  8:22  Pylon  
  88  8:27  Zealot  
  88  8:28  Zealot x2  
  94  8:34  Zealot  
  96  8:42  Pylon  
  96  8:58  High Templar x2  
  96  8:59  High Templar  
  96  9:01  High Templar  
  104  9:02  Nexus  
  104  9:04  Pylon  
  104  9:05  Probe  
  105  9:12  Probe  
  105  9:15  Immortal  
  110  9:27  Archon  
  110  9:28  Archon  
  110  9:32  Zealot x4  
  110  9:33  Zealot  
  116  9:46  Immortal  
  120  9:54  Sentry x3  
  126  10:05  Zealot x2, Immortal  
  128  10:11  Observer, Nexus  
  128  10:25  Immortal  
  132  10:31  Zealot x4  
  138  10:43  Psionic Storm  
  138  10:49  Nexus  
  118  11:05  Zealot x5  
  127  11:14  Probe  
  121  11:18  Probe  
  121  11:23  Observer  
  121  11:24  High Templar x2  
  121  11:25  High Templar x2  
  129  11:26  Probe  
  130  11:34  High Templar  
  130  11:38  Probe x2  
  134  11:42  Assimilator  
  134  11:49  Observer  
  117  12:05  Zealot  
  117  12:06  Zealot x3  
  117  12:15  Zealot  
  115  12:18  Immortal  
  115  12:19  Probe  
  115  12:22  Probe x2  
  119  12:27  Probe  
  115  12:30  Probe x2  
  115  12:35  Probe  
  106  12:50  Zealot  
  88  13:01  Archon  
  88  13:02  Zealot x2  
  55  13:16  Zealot x2  
Show
View Real Time Build Order
Export as new Build Order

Serral Zerg - Winner!

Build Orders: Hatch First, Lurkers, Roach Hydra 

Get SALT Encoding   

  12  0:00  Drone  
  13  0:12  Overlord  
  13  0:16  Drone  
  14  0:30  Drone x2  
  14  0:34  Drone  
  17  0:51  Hatchery  
  17  0:54  Drone  
  17  0:57  Drone  
  18  1:07  Extractor  
  17  1:12  Spawning Pool  
  17  1:15  Drone  
  17  1:18  Drone  
  18  1:27  Drone  
  19  1:37  Overlord  
  19  1:49  Drone  
  20  1:59  Queen  
  22  2:01  Drone  
  22  2:02  Queen  
  22  2:03  Zergling x2  
  22  2:06  Metabolic Boost  
  26  2:10  Drone  
  26  2:13  Drone  
  28  2:21  Drone  
  29  2:25  Drone  
  30  2:32  Drone  
  31  2:38  Drone  
  32  2:48  Hatchery, Overlord  
  31  2:54  Queen  
  31  2:55  Zergling x2  
  31  2:57  Drone x2  
  35  3:04  Drone  
  36  3:07  Drone x2  
  36  3:10  Overlord  
  38  3:14  Drone  
  38  3:15  Drone x2  
  38  3:16  Drone  
  42  3:23  Overlord  
  42  3:24  Drone  
  43  3:30  Queen  
  43  3:31  Drone  
  43  3:34  Drone  
  47  3:39  Drone x3  
  50  3:46  Spore Crawler  
  50  3:47  Spore Crawler  
  48  3:49  Zergling x2  
  48  3:50  Drone  
  48  3:55  Drone  
  51  3:59  Overlord  
  51  4:01  Drone x2  
  55  4:04  Drone x2  
  55  4:09  Drone  
  58  4:14  Queen  
  58  4:18  Drone x2  
  58  4:20  Overlord, Roach Warren  
  58  4:21  Drone  
  59  4:24  Drone x2  
  59  4:30  Drone x2  
  63  4:33  Extractor x2  
  63  4:34  Lair  
  61  4:39  Drone x4  
  61  4:42  Spore Crawler  
  61  4:44  Overlord  
  64  4:47  Drone x2  
  64  4:50  Overlord  
  67  4:55  Drone x2  
  67  4:57  Drone x3  
  67  4:59  Overlord  
  70  5:02  Overlord  
  70  5:06  Roach  
  72  5:07  Overlord  
  72  5:10  Extractor  
  72  5:12  Overlord  
  72  5:13  Roach  
  73  5:16  Roach  
  73  5:21  Roach x5  
  85  5:26  Roach x5  
  95  5:34  Glial Reconstitution  
  95  5:38  Overlord  
  95  5:39  Overlord x2  
  95  5:40  Roach x2  
  97  5:51  Roach x6  
  105  5:57  Overlord  
  105  6:01  Roach  
  105  6:02  Roach x3  
  113  6:09  Roach x5  
  123  6:20  Roach x3  
  129  6:26  Roach x5  
  129  6:31  Overlord x2  
  139  6:35  Overlord  
  139  6:37  Overlord  
  139  6:50  Ravager x3, Zergling x2  
  139  6:51  Zergling x12  
  149  6:57  Zergling x6  
  149  6:59  Ravager  
  153  7:01  Zergling x2  
  153  7:02  Zergling x4  
  153  7:03  Ravager  
  155  7:15  Roach x5  
  153  7:19  Roach  
  143  7:24  Roach x2  
  143  7:28  Roach x4  
  147  7:40  Evolution Chamber  
  147  7:41  Extractor  
  147  7:42  Drone x6  
  151  7:49  Drone x2  
  151  7:50  Hatchery  
  147  7:58  Drone x5  
  147  8:02  Extractor  
  147  8:03  Hydralisk Den  
  138  8:10  Drone x6  
  132  8:15  Zerg Missile Weapons Level 1  
  126  8:26  Drone x2  
  128  8:27  Roach x7  
  132  8:34  Muscular Augments  
  132  8:36  Roach x5  
  142  8:42  Overlord x2, Ravager  
  143  8:51  Hydralisk x4  
  143  8:54  Hydralisk x4  
  159  9:00  Hydralisk x2  
  159  9:02  Queen  
  165  9:05  Hydralisk x2  
  165  9:08  Drone x2  
  169  9:13  Drone x2  
  169  9:14  Drone x3  
  174  9:17  Extractor  
  174  9:18  Extractor  
  174  9:21  Lurker Den  
  174  9:22  Hydralisk x2  
  174  9:23  Hydralisk  
  175  9:30  Hydralisk x2  
  179  9:42  Drone x3  
  179  9:43  Zergling x20  
  179  9:45  Grooved Spines  
  188  9:59  Hatchery  
  173  10:00  Hydralisk x2  
  173  10:01  Roach x4  
  173  10:06  Roach x3  
  177  10:16  Zerg Missile Weapons Level 2  
  177  10:20  Roach x7  
  191  10:22  Overlord  
  191  10:26  Ravager  
  192  10:38  Hydralisk  
  183  10:51  Hydralisk  
  183  10:52  Hydralisk  
  183  10:53  Roach x9  
  197  11:00  Hydralisk x7  
  193  11:05  Hydralisk x3  
  197  11:19  Lurker x3  
  197  11:24  Lurker x3  
  198  11:41  Zergling x4  
  198  11:43  Infestation Pit  
  198  11:44  Zergling x2  
  187  12:04  Hydralisk x6  
  197  12:22  Spire, Hydralisk x2  
  197  12:29  Overlord x2  
  200  12:34  Overlord  
  162  12:57  Hydralisk x14  
  162  12:58  Roach  
Tags
 
Add a new tag
Caveats
  • Supply blocks, unpowered buildings, or Contaminate may cause inaccurate times.
  • Supply counts are checked every 10 seconds.